 Dungeon Crawl Stone Soup version 0.32-a0-928-g1cae6b7ea0 (webtiles) character file.

Game seed: 16274123026378868428

50 KennySheep the Chopper (level 3, 0/33 HPs)
             Began as a Mountain Dwarf Cinder Acolyte on Apr 12, 2024.
             Was a High Priest of Ignis.
             Slain by a gnoll
             ... wielding a +0 halberd
              (3 damage)
             ... on level 2 of the Dungeon.
             The game lasted 00:04:17 (1160 turns).

KennySheep the Chopper (MDCA)                       Turns: 1160, Time: 00:04:18

Health: 0/33       AC:  9    Str: 18    XL:     3   Next: 55%
Magic:  5/5        EV: 10    Int: 14    God:    Ignis [*****.]
Gold:   52         SH:  0    Dex:  5    Spells: 3/5 levels left

rFire   + . .        a - -1 hand axe (flame)
rCold   . . .        (no shield)
rNeg    . . .        b - +0 robe
rPois   .            (no helmet)
rElec   .            (no cloak)
rCorr   .            (no gloves)
SInv    .            (no boots)
Will    .....        (no amulet)
Stlth   +            (no ring)
HPRegen 0.25/turn    (no ring)
MPRegen 0.09/turn

%: no passive effects
@: fiery-armoured
A: runic magic, artefact enchanting
a: Renounce Religion, Fiery Armour, Foxfire Swarm, Rising Flame


You were on level 2 of the Dungeon.
You worshipped Ignis.
Ignis was extremely pleased with you.
You visited 1 branch of the dungeon, and saw 2 of its levels.

You collected 52 gold pieces.

Inventory:

Hand Weapons
 a - a -1 hand axe of flaming (weapon)
Armour
 b - a +0 robe (worn)
Scrolls
 c - a scroll of identify {unknown}
 d - a scroll of brand weapon {unknown}
 e - a scroll of poison {unknown}
 f - a scroll of butterflies {unknown}
 g - 2 scrolls of silence {unknown}


   Skills:
 + Level 3.8 Fighting
 + Level 4.2 Axes
 + Level 1.6 Spellcasting
 + Level 4.2 Fire Magic


You had 3 spell levels left.
You knew the following spells:

 Your Spells              Type           Power      Damage    Failure   Level
a - Scorch                Fire           24%        2d6       7%          2

Your spell library contained the following spells:

 Spells                   Type           Power      Damage    Failure   Level
 Fugue of the Fallen      Necr           1%         N/A       58%         3
 Ozocubu's Armour         Ice            1%         N/A       58%         3
 Manifold Assault         Tloc           0%         N/A       100%        7


Dungeon Overview and Level Annotations

Branches:
Dungeon (2/15)

Altars:

Shops:
D:1 *


Innate Abilities, Weirdness & Mutations

Your spellcasting is much less encumbered by armour.
You can use scrolls of enchantment on lesser artefacts.


Message History

The gnoll is burned by your cloak of flames.
The gnoll is heavily wounded.
The gnoll closely misses you.
You closely miss the gnoll.
The gnoll is severely wounded.
You closely miss the gnoll. You barely miss the ball python.
You barely miss the gnoll. The ball python closely misses you.
The ball python grabs you.
The ball python is burned by your cloak of flames.
The ball python is severely wounded.
The ball python constricts you. The gnoll hits you but does no damage.
The gnoll is burned by your cloak of flames.
The gnoll is severely wounded.
The gnoll hits you but does no damage.
The gnoll is burned by your cloak of flames.
You kill the gnoll!
The gnoll hits you with a +0 whip.
The gnoll is burned by your cloak of flames.
The gnoll is severely wounded.
The gnoll hits you from afar with a +0 halberd.
* * * LOW HITPOINT WARNING * * *
Your life force feels restored.
You hit the ball python. You burn the ball python.
You kill the ball python!
You hit the gnoll. You burn the gnoll.
You kill the gnoll!
You hit the gnoll but do no damage. The gnoll closely misses you.
The gnoll hits you but does no damage.
You closely miss the gnoll.
The gnoll is severely wounded.
You hit the endoplasm but do no damage. The endoplasm freezes you.
You are frozen.
* * * LOW HITPOINT WARNING * * *
The gnoll hits you but does no damage.
The gnoll is burned by your cloak of flames.
You kill the gnoll!
The gnoll hits you from afar with a +0 halberd.
You die...
Ignis goes out, and joins you in death.

#...#..##.#
#.....##..#
##...<.####
#..###....##
#.##
#.##..#####
##.#
#.##......#
####..#
#.##......#
####.!).##
#.##...)..##
.....)J@.#
#.##.......#
......)).#
#.##......<.
...!...g.#
#.##......##
.........#
..##......#
.........#
##..####
.........#
#.##
.........#
#..
.........#
..


You could see a gnoll and an endoplasm.

Vanquished Creatures
  3 gnolls (D:2)
  2 dart slugs (D:1)
  A bat (D:1)
  4 endoplasms (D:1)
  2 giant cockroaches (D:1)
  2 goblins (D:1)
  2 hobgoblins (D:1)
  4 ball pythons
  A frilled lizard (D:1)
  4 kobolds
25 creatures vanquished.

Notes
Turn   | Place    | Note
-------+----------+-------------------------------------------
     0 | D:1      | KennySheep the Mountain Dwarf Cinder Acolyte began the
                  | quest for the Orb.
     0 | D:1      | Reached XP level 1. HP: 19/19 MP: 2/2
   290 | D:1      | Reached XP level 2. HP: 18/26 MP: 3/3
   351 | D:1      | Found Haveisum's Assorted Antiques.
  1091 | D:1      | Learned a level 2 spell: Scorch
  1157 | D:2      | Reached XP level 3. HP: 17/32 MP: 5/5
  1160 | D:2      | Slain by a gnoll

Illustrated notes

Levels and vault maps discovered:
D:1:      dpeg_arrival_morbid_curiosity, layout_loops_corners, serial_shops,
          nicolae_shop_window_shopping
D:2:      layout_rooms, serial_shops, shop, uniq_terence, uniq_robin

Skill      XL: |  1  2 |
---------------+-------+-----
Fire Magic     | 4 |  4.2
Axes           | 4 |  4.2
Fighting       | |  3.8
Spellcasting   | |  1.6

Action                     || total
---------------------------++-------
  Melee: Hand axe          ||    68
 Invoke: Fiery Armour      ||     2
 Armour: Robe              ||    55
  Dodge: Dodged            ||    64

Table legend: (Time is in decaauts)
 A = Elapsed time spent in this place.
 B = Non-inter-level travel time spent in this place.
 C = Inter-level travel time spent in this place.
 D = Time resting spent in this place.
 E = Time spent auto-exploring this place.
 F = Levels seen in this place.
 G = Mean time per level.
                   A        B        C        D        E       F      G
               +--------+--------+--------+--------+--------+-----+--------+
         Total |   1166 |   1114 |     52 |     48 |    853 |   2 |  583.0 |
       Dungeon |   1166 |   1114 |     52 |     48 |    853 |   2 |  583.0 |
               +--------+--------+--------+--------+--------+-----+--------+

Top non-repeatable levels by time:
     D:1: 1120 daAuts
     D:2: 46 daAuts
